 Seeded DCSS version 0.30-a0-424-g7412bad402 (webtiles) character file.

Game seed: 2672040522805985899 (custom seed)

1470 innerfire433 the Trooper (level 8, -3/65 HPs)
             Began as a Demonspawn Monk on Dec 10, 2022.
             Was an Elder of Dithmenos.
             Slain by indyram44's ghost (10 damage)
             ... on level 5 of the Dungeon.
             The game lasted 00:08:58 (3934 turns).

innerfire433 the Trooper (Demonspawn Monk)          Turns: 3934, Time: 00:09:00

Health: -3/65      AC: 14    Str: 14    XL:     8   Next: 49%
Magic:  8/8        EV:  8    Int: 12    God:    Dithmenos [****..]
Gold:   340        SH:  0    Dex: 15    Spells: 7/7 levels left

rFire   . . .      SeeInvis +    l - +10 dagger "Buwuc" {venom, rC+}
rCold   + . .      Faith    .    (no shield)
rNeg    . . .      Spirit   .    h - +2 plate armour
rPois   .          Reflect  .    (no helmet)
rElec   .          Harm     .    (no cloak)
rCorr   +          Rampage  .    (no gloves)
Will    .....                    (no boots)
Stlth   ..........               (no amulet)
HPRegen 0.30/turn                g - ring of see invisible
MPRegen 0.11/turn                j - ring of resist corrosion

@: lethally poisoned (-3 -> -17), wreathed by umbra, studying Fighting
A: sturdy frame 2, demonic magic 1, demonic touch 1
a: Renounce Religion, Shadow Step


You were on level 5 of the Dungeon.
You worshipped Dithmenos.
Dithmenos was greatly pleased with you.
You visited 1 branch of the dungeon, and saw 5 of its levels.

You collected 340 gold pieces.

Inventory:

Hand Weapons
 a - a +1 short sword of flaming
 l - the +10 dagger "Buwuc" (weapon) {venom, rC+}
   (You found it on level 2 of the Dungeon)

   It poisons the flesh of those it strikes.
   rC:        It protects you from cold.
Armour
 b - a +0 robe
 h - a +2 plate armour (worn)
 n - a scarf of harm
Jewellery
 g - a ring of see invisible (left hand)
 j - a ring of resist corrosion (right hand)
Wands
 r - a wand of polymorph (10)
 s - a wand of light (8)
Scrolls
 e - 3 scrolls of identify
 k - 5 scrolls of teleportation {unknown}
 m - 4 scrolls of silence {unknown}
 o - 2 scrolls of immolation {unknown}
 q - 2 scrolls of enchant weapon
 v - a scroll of fog {unknown}
 w - a scroll of poison {unknown}
Potions
 d - 4 potions of flight {unknown}
 i - 2 potions of mutation {unknown}
 p - a potion of degeneration {unknown}
 t - 2 potions of curing
 u - a potion of cancellation {unknown}
 x - a potion of brilliance {unknown}


   Skills:
 + Level 6.6 Fighting
 * Level 6.6 Short Blades
 * Level 5.8 Armour
 - Level 2.9 Dodging
 - Level 2.1 Stealth


You had 7 spell levels left.
You didn't know any spells.
Your spell library contained the following spells:

 Spells                   Type           Power      Damage    Failure   Level
 Gell's Gravitas          Tloc           0%         N/A       100%        3
 Ignite Poison            Fire/Tmut/Pois 0%         N/A       100%        3
 Lesser Beckoning         Tloc           0%         N/A       100%        3
 Teleport Other           Tloc           0%         N/A       100%        3
 Sticky Flame             Conj/Fire      0%         2d3       100%        4
 Ignition                 Fire           0%         3d3       100%        8


Dungeon Overview and Level Annotations

Branches:
Dungeon (5/15)             Temple (0/1) D:4

Altars:
Dithmenos
Fedhas
Kikubaaqudgha
Ru
Sif Muna

Annotations:
D:5 1 transporter, indyram44's ghost, novice DsGl


Innate Abilities, Weirdness & Mutations

Your movements are less encumbered by armour. (ER -4)
Spells you cast may paralyse adjacent enemies.
Your touch may inflict minor irresistible damage on your foes.


Message History

The killer bee closely misses you. Indyram44's ghost hits you.
Indyram44's ghost burns you.
The killer bee stings you but does no damage.
The killer bee stings you.
The killer bee stings you but does no damage.
You barely miss indyram44's ghost.
Indyram44's ghost is severely damaged.
You feel sick. The killer bee stings you.
The killer bee stings you but does no damage. x2
Indyram44's ghost hits you but does no damage.
The killer bee stings you. The killer bee stings you!
* * * LOW HITPOINT WARNING * * *
You are lethally poisoned!
The killer bee poisons you!
The killer bee stings you but does no damage.
You hit indyram44's ghost.
Indyram44's ghost is severely damaged.
* * * LOW HITPOINT WARNING * * *
You feel very sick. The killer bee stings you.
* * * LOW HITPOINT WARNING * * *
You are more poisoned.
The killer bee poisons you!
The killer bee stings you but does no damage.
The killer bee stings you.
* * * LOW HITPOINT WARNING * * *
Indyram44's ghost hits you but does no damage.
It was a potion of curing.
You feel better. The killer bee stings you.
* * * LOW HITPOINT WARNING * * *
You are poisoned.
The killer bee poisons you!
The killer bee stings you but does no damage.
The killer bee barely misses you. The killer bee stings you!
* * * LOW HITPOINT WARNING * * *
You are lethally poisoned!
The killer bee poisons you! The killer bee barely misses you.
The killer bee stings you but does no damage.
Indyram44's ghost screams, "Zot is a myth, the ORB is a fable, you'll soon be a tale!"
Indyram44's ghost hits you!
You die...

.#.'.....###.###..#.#
####....#########...#
.>###..###y###.###..#
..#....##y..#...##..#
.......####.#.#.##..#
.....#.##...#.yy##..#
....##.#.#.#.#y#y#..#
.......#y.#..y#Wy#..#
...##.©#y.#.#.#y@#©.#
#..###.#(.#...#y.#.##
##..##.#)#.#.#.#.#.#
.#..##.##..!#..!##.#
....##.##.#.#.#.##.#
.)...#.##...#...##.#
....##.###.###.###.#
....##..#########..#
.........###.###..##


You could see 7 killer bees and indyram44's ghost.

Vanquished Creatures
  Sigmund (D:2)
  Duvessa (D:5)
  A black bear (D:5)
  An ogre (D:4)
  A centaur (D:4)
  2 necrophages (D:4)
  A scorpion (D:5)
  2 jellies (D:5)
  Dowan (D:5)
  A howler monkey (D:5)
  4 hounds
  2 orc priests
  Ijyb (D:4)
  5 iguanas
  2 orc wizards (D:5)
  4 gnolls (D:4)
  6 adders
  2 white imps (D:5)
  An ufetubus (D:5)
  7 worms
  3 dart slugs
  19 orcs
  4 bats
  5 endoplasms
  4 giant cockroaches
  6 goblins
  3 hobgoblins
  8 jackals
  2 quokkas
  6 ball pythons
  4 frilled lizards
  4 kobolds
  5 rats
119 creatures vanquished.

Notes
Turn   | Place    | Note
-------+----------+-------------------------------------------
     0 | D:1      | innerfire433 the Demonspawn Monk began the quest for the
                  | Orb.
     0 | D:1      | Reached XP level 1. HP: 18/18 MP: 1/1
   149 | D:1      | Gained mutation: Your movements are slightly less
                  | encumbered by armour. (ER -2) [demonic ancestry]
   149 | D:1      | Reached XP level 2. HP: 7/24 MP: 2/2
   973 | D:2      | Identified the +10 dagger "Buwuc" {venom, rC+}
  1026 | D:2      | Gained mutation: Your movements are less encumbered by
                  | armour. (ER -4) [demonic ancestry]
  1026 | D:2      | Reached XP level 3. HP: 29/29 MP: 3/3
  1180 | D:2      | Reached skill level 1 in Armour
  1211 | D:2      | Found a faded altar of an unknown god.
  1226 | D:2      | Noticed Sigmund
  1237 | D:2      | Killed Sigmund
  1238 | D:2      | Reached XP level 4. HP: 22/37 MP: 4/4
  1238 | D:2      | Gained mutation: Spells you cast may paralyse adjacent
                  | enemies. [demonic ancestry]
  1238 | D:2      | Reached XP level 5. HP: 25/42 MP: 5/5
  1264 | D:2      | Prayed at the altar of an unknown god.
  1264 | D:2      | Became a worshipper of Dithmenos the Shadowed
  1264 | D:2      | Reached * piety under Dithmenos
  1264 | D:2      | Reached ** piety under Dithmenos
  1432 | D:2      | Identified the +0 helmet of Beogh's Regard {Rampage rElec
                  | Int+2 Dex+6}
  1706 | D:3      | Reached *** piety under Dithmenos
  1903 | D:3      | Found a sacrificial altar of Ru.
  2022 | D:3      | Reached XP level 6. HP: 48/48 MP: 6/6
  2046 | D:3      | Found a faded altar of an unknown god.
  2336 | D:3      | Found a shimmering blue altar of Sif Muna.
  2398 | D:4      | Noticed Ijyb
  2405 | D:4      | Killed Ijyb
  2468 | D:4      | Reached skill level 5 in Short Blades
  2468 | D:4      | Reached XP level 7. HP: 36/55 MP: 7/7
  2576 | D:4      | Found a staircase to the Ecumenical Temple.
  2615 | D:4      | Reached skill level 5 in Fighting
  2787 | D:4      | Reached **** piety under Dithmenos
  2891 | D:4      | Found a blossoming altar of Fedhas.
  2895 | D:4      | Found an ancient bone altar of Kikubaaqudgha.
  3046 | D:5      | Entered Level 5 of the Dungeon
  3147 | D:5      | Noticed indyram44's ghost (novice DsGl)
  3176 | D:5      | Found a transporter.
  3180 | D:5      | Noticed Duvessa
  3180 | D:5      | Noticed Dowan
  3194 | D:5      | Killed Duvessa
  3259 | D:5      | Killed Dowan
  3260 | D:5      | Reached skill level 5 in Armour
  3260 | D:5      | Gained mutation: Your touch may inflict minor irresistible
                  | damage on your foes. [demonic ancestry]
  3260 | D:5      | Reached XP level 8. HP: 64/64 MP: 8/8
  3673 | D:5      | Found a transporter.
  3748 | D:5      | Found a shadowy altar of Dithmenos.
  3934 | D:5      | Slain by indyram44's ghost

Illustrated notes

Levels and vault maps discovered:
D:1:      psy_arrival_radial02, layout_rooms
D:2:      layout_basic, ebering_ecumenical_altar_mist, grunt_decor_clamped,
          uniq_sigmund
D:3:      layout_basic, nicolae_overflow_ecumenical_swirl,
          mainiacjoe_overflow_large_starburst
D:4:      layout_rooms, grunt_temple_overflow_growth_and_decay,
          minmay_temple_entry_ruins, minmay_manual_monstrance, uniq_ijyb
D:5:      nicolae_cairo_tiling_large, layout_cave_pools,
          mainiacjoe_overflow_concentric_impassable, gammafunk_ghost_hive,
          st_stairs_13, minmay_chambers_of_fives, uniq_duvessa

Skill      XL: |  1  2  3  4  5  6  7  8 |
---------------+-------------------------+-----
Stealth        | 2 |  2.1
Short Blades   | 3 4 5 6 |  6.6
Armour         | 2 3 5 |  5.8
Fighting       | 4 5 6 |  6.6
Dodging        | |  2.9

Action                   |  1- 3 |  4- 6 |  7- 9 || total
-------------------------+-------+-------+-------++-------
Melee: Short sword       |    80 |       |       ||    80
       Punch             |     1 |     2 |     4 ||     7
       Dagger            |    20 |    89 |   153 ||   262
       Unarmed           |       |       |    10 ||    10
       Touch             |       |       |    18 ||    18
  Use: Scroll            |       |     3 |     3 ||     6
       Potion            |       |       |     6 ||     6
Armor: Robe              |     6 |       |       ||     6
       Plate armour      |    25 |    37 |    95 ||   157
       Skin              |       |       |     4 ||     4
Dodge: Dodged            |    42 |    31 |   114 ||   187

Table legend: (Time is in decaauts)
 A = Elapsed time spent in this place.
 B = Non-inter-level travel time spent in this place.
 C = Inter-level travel time spent in this place.
 D = Time resting spent in this place.
 E = Time spent auto-exploring this place.
 F = Levels seen in this place.
 G = Mean time per level.
                   A        B        C        D        E       F      G
               +--------+--------+--------+--------+--------+-----+--------+
         Total |   3845 |   3570 |    275 |      0 |   2833 |   5 |  769.0 |
       Dungeon |   3845 |   3570 |    275 |      0 |   2833 |   5 |  769.0 |
               +--------+--------+--------+--------+--------+-----+--------+

Top non-repeatable levels by time:
     D:5: 848 daAuts
     D:1: 797 daAuts
     D:3: 793 daAuts
     D:2: 762 daAuts
     D:4: 643 daAuts
